 Dungeon Crawl Stone Soup version 0.21.1-1-g345015fe64 (webtiles) character file.

7272 Htamos the Destroyer (level 10, -1/52 HPs)
             Began as a Deep Elf Conjurer on July 12, 2018.
             Was a Follower of Vehumet.
             Slain by an unseen horror (9 damage)
             ... on level 10 of the Dungeon.
             The game lasted 00:36:07 (15046 turns).

Htamos the Destroyer (Deep Elf Conjurer)           Turns: 15046, Time: 00:36:07

Health: -1/52      AC:  4    Str:  5    XL:     10   Next: 89%
Magic:  25/29      EV:  9    Int: 24    God:    Vehumet [*.....]
Gold:   450        SH:  7    Dex: 17    Spells: 30/35 levels left

rFire    + . .     SeeInvis .   K - +4 hunting sling (flame)
rCold    x . .     Gourm    .   C - +0 shield
rNeg     . . .     Faith    .   T - +1 leather armour of Gehenna {rElec Dex+2 Stlth+}
rPois    +         Spirit   .   (no helmet)
rElec    +         Reflect  .   v - scarf {repulsion}
rCorr    .         Harm     .   (no gloves)
MR       +....                  (no boots)
Stlth    +++.......             (no amulet)
HPRegen  0.17/turn              e - ring of fire
MPRegen  0.21/turn              o - ring of poison resistance

@: repel missiles
A: no striking features
a: Renounce Religion


You were on level 10 of the Dungeon.
You worshipped Vehumet.
Vehumet was aware of your devotion.
You were not hungry.

You visited 2 branches of the dungeon, and saw 11 of its levels.

You collected 450 gold pieces.

Inventory:

Hand Weapons
 w - the +3 short sword "Afyutrul" {flame, *Slow rC+ rN+ MR+}
   (You found it on level 9 of the Dungeon)

   It has been specially enchanted to burn those struck by it, causing extra
   injury to most foes and up to half again as much damage against particularly
   susceptible opponents.
   It protects you from cold.
   It protects you from negative energy.
   It affects your resistance to hostile enchantments.
   It may slow you when you take damage.
 x - a +2 short sword of venom
 A - a +2 dagger of venom
 D - a +4 dagger
 G - a +0 vampiric rapier
 K - a +4 hunting sling of flaming (weapon)
 Q - the +4 scimitar of Namyvast {drain, MR+}
   (You found it on level 8 of the Dungeon)

   A truly terrible weapon, it drains the life of those it strikes.
   It affects your resistance to hostile enchantments.
Missiles
 l - 89 poisoned needles
 m - 343 stones (quivered)
 r - 89 arrows
 y - 63 bolts
Armour
 a - a +1 robe
 v - a scarf of repulsion (worn)
 C - a +0 shield (worn)
 T - the +1 leather armour of Gehenna (worn) {rElec Dex+2 Stlth+}
   (You found it on level 8 of the Dungeon)

   It affects your dexterity (+2).
   It insulates you from electricity.
   It makes you more stealthy.
Jewellery
 e - a ring of fire (left hand)
 f - an uncursed ring of ice
 o - a ring of poison resistance (right hand)
 t - an uncursed ring of resist corrosion
 H - an uncursed amulet of faith
 J - a cursed amulet of inaccuracy {unknown}
Wands
 h - a wand of enslavement (4)
 E - a wand of scattershot (2)
 P - a wand of flame (19)
Scrolls
 g - 3 scrolls of fog
 i - a scroll of amnesia
 q - 5 scrolls of remove curse
 M - 3 scrolls of blinking
 S - a scroll of magic mapping
Potions
 d - a potion of degeneration
 j - 4 potions of berserk rage
 p - 2 potions of haste
 s - 4 potions of agility
 u - 3 potions of flight
 O - a potion of might {unknown}
 R - a potion of heal wounds
Books
 b - a book of Conjurations

   Spells                             Type                      Level
   a - Magic Dart                     Conjuration                  1
   b - Searing Ray                    Conjuration                  2
   c - Dazzling Spray                 Conjuration/Hexes            3
   d - Fulminant Prism                Conjuration/Hexes            4
   e - Force Lance                    Conjuration/Translocation    4
   f - Iskenderun's Mystic Blast      Conjuration                  4
 U - a book of Necromancy

   Spells                             Type                      Level
   a - Pain                           Necromancy                   1
   b - Animate Skeleton               Necromancy                   1
   c - Vampiric Draining              Necromancy                   3
   d - Regeneration                   Charms/Necromancy            3
   e - Animate Dead                   Necromancy                   4
   f - Borgnjor's Vile Clutch         Necromancy/Earth             5
Comestibles
 c - 16 rations


   Skills:
 * Level 1.1 Fighting
 * Level 2.9 Dodging
 + Level 2.4 Stealth
 * Level 0.9 Shields
 - Level 13.4 Spellcasting
 - Level 14.0 Conjurations


You had 30 spell levels left.
You knew the following spells:

 Your Spells              Type           Power        Failure   Level  Hunger
a - Magic Dart            Conj           ####         1%          1    None
b - Iskenderun's Mystic   Conj           ######..     1%          4    None


Dungeon Overview and Level Annotations

Branches:
Dungeon (10/15)            Temple (1/1) D:6
   Lair: D:8-11         Orc: D:9-12

Altars:
Ashenzari
Cheibriados
Dithmenos
Elyvilon
Fedhas
Gozag
Hepliaklqana
Kikubaaqudgha
Makhleb
Nemelex Xobeh
Okawaru
Qazlal
Ru
Sif Muna
Trog
Uskayaw
Vehumet
Wu Jian
Xom
Yredelemnul
Zin
The Shining One

Shops:
D:4 (   D:7 *


Message History

You start resting.
Magic restored.
You start resting.
HP restored.
You climb downwards.
Something hits you!
There is a stone staircase leading up, spattered with blood here.
Casting: Iskenderun's Mystic Blast
Confirm with . or Enter, or press ? or * to list all spells.
Aiming: Iskenderun's Mystic Blast
Press: ? - help, Shift-Dir - straight line, f - you That beam is likely to hit you.
Continue anyway?
Uppercase [Y]es or [N]o only, please.
That beam is likely to hit you.
Continue anyway?
The orb of energy hits you!
Ouch! That really hurt!
* * * LOW HITPOINT WARNING * * *
Something hits you.
* * * LOW HITPOINT WARNING * * *
Something hits you!
You die...

....# #..#######.......#
##### #..'.............#
##########..#.###########.#
##..##......#.###########.#
##..##......#.............#
##..##..##..#####'#.......#
##..##..##..##....#.......#
##......##........#.......#
##......##.....{@.#..#....#
##......##.<......#.......#
#################'#.......#
..... >................#
..... ....###....####..#
..... . #..........# .....
#..........# ..#..
...###..........# .....
................#


There were no monsters in sight!

Vanquished Creatures
  A two-headed ogre (D:9)
  The ghost of Tali the Chopper, a novice MiFi (D:4)
  2 hippogriffs (D:9)
  10 yaks (D:9)
  5 humans (D:6)
  Edmund (D:6)
  An orc warrior (D:7)
  2 phantoms
  6 ogres
  A centaur (D:7)
  A big kobold (D:10)
  2 gnoll sergeants
  A bullfrog (D:7)
  A wyvern skeleton (D:8)
  6 scorpions
  3 killer bees
  An electric eel (D:9)
  3 wights (D:9)
  3 crimson imps
  2 centaur zombies
  A quasit (D:7)
  A jelly (D:8)
  2 bullfrog skeletons
  3 hounds
  3 orc priests
  2 centaur skeletons
  12 orc wizards
  Ijyb (D:4)
  Natasha (thrice) (D:2)
  4 iguanas
  5 worker ants
  A hound skeleton (D:4)
  10 gnolls
  7 adders
  A shadow imp (D:5)
  An adder zombie (D:5)
  2 worms (D:2)
  2 dart slugs (D:2)
  6 leopard geckos
  32 orcs
  2 giant cockroaches
  6 goblins
  15 hobgoblins
  4 quokkas
  2 ball pythons
  6 bats
  8 frilled lizards
  A jackal skeleton (D:4)
  11 kobolds
  10 rats
217 creatures vanquished.

Vanquished Creatures (others)
  31 plants (D:9)
31 creatures vanquished.

Grand Total: 248 creatures vanquished

Notes
Turn   | Place    | Note
-------+----------+-------------------------------------------
     0 | D:1      | Htamos the Deep Elf Conjurer began the quest for the Orb.
     0 | D:1      | Reached XP level 1. HP: 10/10 MP: 6/6
   231 | D:1      | Reached XP level 2. HP: 15/15 MP: 2/8
   334 | D:1      | Reached skill level 5 in Conjurations
  1018 | D:2      | Reached XP level 3. HP: 12/19 MP: 0/9
  1161 | D:2      | Noticed Natasha
  1166 | D:2      | Killed Natasha
  1166 | D:2      | Reached skill level 6 in Conjurations
  1166 | D:2      | Reached XP level 4. HP: 24/24 MP: 3/11
  1955 | D:2      | Noticed Natasha
  1959 | D:2      | Killed Natasha
  1959 | D:2      | Reached XP level 5. HP: 21/28 MP: 3/13
  2027 | D:2      | Noticed a phantom
  2093 | D:2      | Killed a phantom
  2093 | D:2      | Reached skill level 5 in Spellcasting
  2189 | D:2      | Reached skill level 7 in Conjurations
  3218 | D:2      | Noticed Natasha
  3227 | D:2      | Killed Natasha
  3258 | D:3      | Reached XP level 6. HP: 22/32 MP: 9/15
  4166 | D:4      | Found Zerum's Antique Weapon Shoppe.
  4227 | D:4      | Noticed Ijyb
  4241 | D:4      | Killed Ijyb
  4848 | D:4      | Learned a level 4 spell: Iskenderun's Mystic Blast
  4865 | D:4      | Noticed Tali's ghost (novice MiFi)
  5269 | D:4      | Killed Tali's ghost
  5269 | D:4      | Reached skill level 8 in Conjurations
  5269 | D:4      | Reached XP level 7. HP: 27/36 MP: 1/20
  6026 | D:5      | Entered Level 5 of the Dungeon
  6205 | D:5      | Reached XP level 8. HP: 39/41 MP: 18/22
  6224 | D:5      | Reached skill level 9 in Conjurations
  7390 | D:6      | You fall through a shaft for 3 floors!
  7584 | D:9      | Noticed a hippogriff
  7589 | D:9      | Killed a hippogriff
  7589 | D:9      | Reached skill level 10 in Conjurations
  7706 | D:9      | Noticed a two-headed ogre
  7724 | D:9      | Killed a two-headed ogre
  7724 | D:9      | Reached skill level 10 in Spellcasting
  7724 | D:9      | Reached XP level 9. HP: 45/45 MP: 7/25
  7731 | D:9      | Reached skill level 11 in Conjurations
  8386 | D:9      | Reached skill level 12 in Conjurations
  9024 | D:9      | Got a scorched short sword
  9025 | D:9      | Identified the +3 short sword "Afyutrul" {flame, *Slow rC+ rN+ MR+} (You found it on level 9 of the Dungeon)
  9081 | D:9      | Reached XP level 10. HP: 30/50 MP: 19/28
 10541 | D:7      | Reached skill level 13 in Conjurations
 10680 | D:6      | Noticed Edmund
 10975 | D:6      | Found a glowing golden altar of the Shining One.
 10977 | D:6      | Found a stormy altar of Qazlal.
 10979 | D:6      | Found a shattered altar of Ashenzari.
 10980 | D:6      | Found a sparkling altar of Nemelex Xobeh.
 10980 | D:6      | Found an iron altar of Okawaru.
 10980 | D:6      | Found a hide-covered altar of Uskayaw.
 11073 | D:6      | Killed Edmund
 11698 | D:6      | Found a staircase to the Ecumenical Temple.
 12070 | Temple   | Entered the Ecumenical Temple
 12246 | Temple   | Became a worshipper of Vehumet
 12442 | D:7      | Found Rem Juakh's General Store.
 13236 | D:8      | Got an ebony scimitar
 13237 | D:8      | Identified the +4 scimitar of Namyvast {drain, MR+} (You found it on level 8 of the Dungeon)
 13666 | D:8      | Found a stormy altar of Qazlal.
 13669 | D:8      | Reached skill level 14 in Conjurations
 13886 | D:8      | Got a distressingly furry leather armour
 13897 | D:8      | Identified the cursed +1 leather armour of Gehenna {rElec Dex+2 Stlth+} (You found it on level 8 of the Dungeon)
 13978 | D:10     | Entered Level 10 of the Dungeon
 14152 | D:10     | Reached * piety under Vehumet
 14152 | D:10     | Offered knowledge of Flame Tongue by Vehumet.
 14160 | D:10     | Reached skill level 1 in Fighting
 15046 | D:10     | Slain by an unseen horror

Skill      XL: |  1  2  3  4  5  6  7  8  9 10 |
---------------+-------------------------------+-----
Conjurations   | 5 6 7 8 10 12 14 | 14.0
Spellcasting   | 4 5 7 8 10 12 13 | 13.4
Fighting       | 1 |  1.1
Dodging        | |  2.9
Stealth        | |  2.4
Shields        | |  0.9

Action                   |  1- 3 |  4- 6 |  7- 9 | 10-12 || total
-------------------------+-------+-------+-------+-------++-------
Melee: Unarmed           |     1 |    10 |       |       ||    11
       Dagger            |       |       |    14 |       ||    14
       Short sword       |       |       |       |    25 ||    25
       Scimitar          |       |       |       |     5 ||     5
 Cast: Magic Dart        |    58 |   184 |    62 |   158 ||   462
       Iskenderun's Myst |       |    11 |    76 |    93 ||   180
  Use: Scroll            |       |    12 |     5 |    14 ||    31
       Potion            |       |     1 |     2 |     2 ||     5
  Eat: Chunk             |     1 |     8 |    11 |    13 ||    33
       Ration            |       |     1 |     1 |     2 ||     4
Armor: Robe              |       |     5 |     7 |    14 ||    26
       Skin              |       |       |     4 |       ||     4
       Leather armour    |       |       |       |     9 ||     9
Dodge: Dodged            |    14 |    45 |    36 |    71 ||   166
       Deflected         |       |       |     1 |     3 ||     4
Block: Shield            |       |       |       |    10 ||    10
       Rpst.: Scimitar   |       |       |       |     1 ||     1
